 Dungeon Crawl Stone Soup version 0.18.0-1-g0107ab7 (webtiles) character file.

9 Chiseanne the Magician (level 2, 6/21 HPs)
             Began as a Demonspawn Wizard on May 5, 2016.
             Quit the game on level 1 of the Dungeon.
             The game lasted 00:01:02 (453 turns).

Chiseanne the Magician (Demonspawn Wizard)           Turns: 453, Time: 00:01:03

Health: 6/21       AC:  2    Str:  7    XL:     2   Next: 3%
Magic:  0/6        EV: 12    Int: 19    God:
Gold:   72         SH:  0    Dex: 11    Spells: 1 memorised, 6 levels left

rFire  . . .     SeeInvis .     a - +1 dagger (elec)
rCold  . . .     Gourm    .     k - +0 robe
rNeg   . . .     Faith    .     (no shield)
rPois  .         Spirit   .     b - +0 hat
rElec  .         Dismiss  .     (no cloak)
rCorr  .         Reflect  .     (no gloves)
SustAt .         Harm     .     (no boots)
MR     .....                    (no amulet)
Stlth  ++........               (no ring)
                                (no ring)

@: not resistant to hostile enchantments, unstealthy
A: antennae 1
a: no special abilities


You were on level 1 of the Dungeon.
You were not hungry.

You visited 1 branch of the dungeon, and saw 1 of its levels.

You collected 72 gold pieces.

Inventory:

Hand Weapons
 a - a +1 dagger of electrocution (weapon)
 l - a +2 hunting sling of velocity
Missiles
 f - 8 javelins (quivered)
 g - 18 stones
Armour
 b - a +0 hat (worn)
 k - a +0 robe (worn)
Scrolls
 e - a scroll of blinking {unknown}
Potions
 h - a potion of degeneration {unknown}
 i - a potion of haste {unknown}
 m - 2 potions of resistance {unknown}
Books
 c - a book of Minor Magic

   Spells                             Type                      Level
   a - Magic Dart                     Conjuration                  1
   b - Blink                          Translocation                2
   c - Call Imp                       Summoning                    2
   d - Repel Missiles                 Charms/Air                   2
   e - Slow                           Hexes                        2
   f - Conjure Flame                  Conjuration/Fire             3
   g - Mephitic Cloud                 Conjuration/Poison/Air       3
Comestibles
 d - 3 bread rations
 j - a beef jerky


   Skills:
 + Level 1.1 Fighting
 - Level 1.7 Dodging
 - Level 1.7 Stealth
 - Level 3.1 Spellcasting
 - Level 1.3 Conjurations
   Level 1.0 Summonings
   Level 0.8 Translocations


You had 6 spell levels left.
You knew the following spells:

 Your Spells              Type           Power        Failure   Level  Hunger
a - Magic Dart            Conj           #...         10%         1    None


Dungeon Overview and Level Annotations

Branches:
Dungeon (1/15)

Altars:


Innate Abilities, Weirdness & Mutations

You have a pair of small antennae on your head.


Message History

The jackal is severely wounded.
The jackal misses you. The jackal barely misses you.
You hit the jackal but do no damage.
The jackal is severely wounded.
The jackal closely misses you.
You barely miss the jackal.
The jackal is severely wounded.
The jackal bites you.
* * * LOW HITPOINT WARNING * * *
Casting: Magic Dart
Confirm with . or Enter, or press ? or * to list all spells.
Aiming: Magic Dart
Press: ? - help, Shift-Dir - straight line, f/p - jackal
Aim: a jackal (severely wounded)
The magic dart hits the jackal.
You kill the jackal!
You have reached level 2!
Your demonic ancestry asserts itself...
A pair of antennae grows on your head!
Are you sure you want to abandon this character and quit the game? (Confirm with "yes".)

...#...###.#...#
##.##.......#.#.#
#...#..########.##
#...#.........#..#
#.......#####.#..#
#.#.##...... #..#
#.#.###.##.# #...
#.#.# .# # ##..
#@#.# .# ##. #h#.#
.# #. #.#.# ##
#.#.# # #.#.# #
#.............. #
###.###........ #
.######.. .


You could see a jackal.

Vanquished Creatures
  A giant cockroach (D:1)
  A goblin (D:1)
  A hobgoblin (D:1)
  A jackal (D:1)
  3 kobolds (D:1)
7 creatures vanquished.

Notes
Turn   | Place    | Note
--------------------------------------------------------------
     0 | D:1      | Chiseanne the Demonspawn Wizard began the quest for the Orb.
     0 | D:1      | Reached XP level 1. HP: 13/13 MP: 4/4
   441 | D:1      | Reached skill level 1 in Fighting
   452 | D:1      | Gained mutation: You have a pair of small antennae on your head. [demonic ancestry]
   452 | D:1      | Reached XP level 2. HP: 6/21 MP: 0/6
   453 | D:1      | Quit the game

Skill      XL: |  1 |
---------------+----+-----
Fighting       | 1 |  1.1
Dodging        | |  1.7
Stealth        | |  1.7
Spellcasting   | |  3.1
Conjurations   | |  1.3
Summonings     | |  1.0
Translocations | |  0.8

Action                   || total
-------------------------++-------
Melee: Dagger            ||    19
 Cast: Magic Dart        ||    16
  Use: Scroll            ||     1
Armor: Robe              ||     3
Dodge: Dodged            ||    20
